 Dungeon Crawl Stone Soup version 0.28.0-49-g6dfe1f597d (webtiles) character file.

Game seed: 5356114029990645136

947 Gabide the Spear-Bearer (level 8, -4/58 HPs)
             Began as a Human Monk on May 12, 2022.
             Killed from afar by a balrug (28 damage)
             ... with a fireball
             ... on level 1 of the Abyss.
             The game lasted 00:13:53 (5785 turns).

Gabide the Spear-Bearer (Human Monk)                Turns: 5785, Time: 00:13:53

Health: -4/58      AC:  9    Str: 19    XL:     8   Next: 35%
Magic:  8/8        EV: 16    Int: 11    God:
Gold:   152        SH:  0    Dex: 16    Spells: 7/7 levels left

rFire   . . .      SeeInvis .   r - +6 halberd (freeze)
rCold   . . .      Faith    .   (shield currently unavailable)
rNeg    . . .      Spirit   .   f - +0 ring mail
rPois   .          Reflect  .   (no helmet)
rElec   .          Harm     .   m - +0 cloak
rCorr   .          Rampage  .   u - +2 pair of gloves {hurl}
Will    .....                   (no boots)
Stlth   +.........              s - amulet of regeneration
HPRegen 0.99/turn               d - +4 ring of evasion
MPRegen 0.11/turn               j - +6 ring of strength

@: studying Polearms
A: no striking features
a: no special abilities


You were on level 1 of the Abyss.
You visited 1 branch of the dungeon, and saw 6 of its levels.
You visited the Abyss 1 time.

You collected 776 gold pieces.
You spent 624 gold pieces at shops.

Inventory:

Hand Weapons
 a - a +0 spear
 r - a +6 halberd of freezing (weapon)
 y - the +7 quarterstaff of Kejucamo {antimagic, rF+}
   (You found it on level 4 of the Dungeon)

   It reduces the magical energy of the wielder, and disrupts the spells and
   magical abilities of those it strikes.
   Natural abilities and divine invocations are not affected.
   rF:        It protects you from fire.
Armour
 f - a +0 ring mail (worn)
 m - a +0 cloak (worn)
 u - a +2 pair of gloves of hurling (worn)
Jewellery
 d - a +4 ring of evasion (left hand)
 e - an amulet of magic regeneration
 g - an amulet of the acrobat
 i - a ring of protection from fire
 j - a +6 ring of strength (right hand)
 s - an amulet of regeneration (around neck)
 v - a +4 ring of evasion
Wands
 t - a wand of flame (15)
Scrolls
 b - a scroll of vulnerability
 w - 4 scrolls of teleportation
Potions
 c - 3 potions of haste
 h - 2 potions of resistance
 n - a potion of lignification
 p - 3 potions of curing
 q - 2 potions of heal wounds
 x - a potion of berserk rage
 A - a potion of might
 B - a potion of brilliance


   Skills:
 - Level 3.0 Fighting
 + Level 11.3 Polearms
 - Level 3.0 Armour
 - Level 3.0 Dodging
 - Level 2.0 Stealth


You had 7 spell levels left.
You didn't know any spells.
Your spell library contained the following spells:

 Spells                   Type           Power      Damage    Failure   Level
 Magic Dart               Conj           0%         1d3       52%         1
 Call Imp                 Summ           0%         N/A       65%         2
 Sublimation of Blood     Necr           0%         N/A       65%         2
 Wereblood                Tmut           0%         N/A       65%         2
 Mephitic Cloud           Conj/Pois/Air  0%         N/A       87%         3
 Ozocubu's Armour         Ice            0%         N/A       87%         3
 Ozocubu's Refrigeration  Ice            0%         4d5       100%        7
 Summon Hydra             Summ           0%         N/A       100%        7


Dungeon Overview and Level Annotations

Branches:
Dungeon (6/15)
 Temple: D:4-7

Altars:
Qazlal

Shops:
D:2 ?(:!

Annotations:
D:5 1 runed translucent door, Kenran's ghost, novice MiBr
D:6 Maggie


Message History

You barely miss the quasit.
The quasit is moderately wounded.
The quasit misses you. The quasit barely misses you. x2
The quasit completely misses you. The quasit misses you.
The quasit claws you but does no damage.
You hit the quasit.
The quasit is heavily wounded.
The quasit completely misses you. The quasit misses you.
The quasit closely misses you.
You miss the quasit.
The quasit is heavily wounded.
The quasit misses you. The quasit completely misses you. The quasit misses you.
You hit the quasit. You freeze the quasit.
The quasit is almost dead.
The quasit closely misses you. The quasit misses you.
The quasit claws you but does no damage.
You slash the quasit!
You kill the quasit!
That felt strangely unrewarding.
You remove your +4 ring of evasion.
You feel stronger.
j - a +6 ring of strength (right hand)
A fire bat comes into view.
A balrug comes into view.
It is wielding a +2 vampiric demon whip.
The fire bat closely misses you.
You barely miss the fire bat. The fire bat barely misses you.
You reach to attack!
You closely miss the fire bat.
The balrug shouts!
You hear a shout!
The fire bat closely misses you. The balrug gestures at you.
The bolt of fire hits you!!!
Ouch! That really hurt!
Press: ? - help, v - describe, . - travel
Here: a balrug, wielding a +2 vampiric demon whip The floor.
Unknown command.
The fire bat bites you but does no damage.
The balrug gestures at you.
The fireball explodes!
The fireball engulfs you!!
You die...

# ♣###### .
#.#..... ♣♣##..#..
### ♣♣.#....#### ..
♣♣.#............
##.#...........
♣♣§§#...#.##......
♣♣..#..###@##......
♣.#..# # #b........
#.# ..# #.........
♣♣#
#.##.##...........
♣.# .#
.#.##.........
...##.#.##.
#......... #.##.##.
....#......2.. # .
#.##..#
.##.##......
.#.##.#.. . # #..#
......


You could see a balrug and a fire bat.

Vanquished Creatures
  An ice devil (Abyss:1)
  A steam dragon (D:3)
  A water moccasin (D:5)
  A small abomination (Abyss:1)
  An orc warrior (D:5)
  A black bear (D:5)
  A phantom (D:5)
  2 scorpions
  A howler monkey (D:5)
  A quasit (Abyss:1)
  2 hounds
  An orc priest (D:5)
  Terence (D:3)
  An orc wizard (D:5)
  3 gnolls
  A howler monkey skeleton (D:5)
  4 adders
  3 dart slugs
  8 orcs
  3 bats
  4 endoplasms
  3 giant cockroaches
  5 goblins
  3 hobgoblins
  8 kobolds
  3 quokkas
  2 ball pythons
  3 rats
69 creatures vanquished.

Notes
Turn   | Place    | Note
-------+----------+-------------------------------------------
     0 | D:1      | Gabide the Human Monk began the quest for the Orb.
     0 | D:1      | Reached XP level 1. HP: 18/18 MP: 1/1
   165 | D:1      | Reached XP level 2. HP: 22/24 MP: 2/2
   293 | D:1      | Found a faded altar of an unknown god.
   302 | D:1      | Reached skill level 1 in Armour
   556 | D:1      | Reached XP level 3. HP: 27/29 MP: 3/3
   775 | D:2      | Found Zadajup's Magic Scroll Boutique.
   786 | D:2      | Bought a scroll of identify for 20 gold pieces
   903 | D:2      | Found Godiamp's Weapon Boutique.
  1100 | D:2      | Found Giohaoth's Distillery.
  1114 | D:2      | Found Ugil's Book Emporium.
  1595 | D:3      | Reached XP level 4. HP: 25/35 MP: 4/4
  2214 | D:3      | Reached skill level 4 in Polearms
  2229 | D:3      | Reached XP level 5. HP: 37/41 MP: 5/5
  2527 | D:3      | Noticed a steam dragon
  2561 | D:3      | Killed a steam dragon
  2562 | D:3      | Reached skill level 5 in Polearms
  2562 | D:3      | Reached XP level 6. HP: 9/47 MP: 6/6
  3018 | D:3      | Identified 3 scrolls of acquirement
  3018 | D:3      | Acquired 574 gold pieces
  3020 | D:3      | Acquired a +2 pair of gloves of hurling
  3027 | D:3      | Acquired a manual of Polearms
  3199 | D:2      | Bought a +5 halberd of freezing for 376 gold pieces
  3245 | D:2      | Bought a potion of haste for 120 gold pieces
  3245 | D:2      | Bought a potion of curing for 36 gold pieces
  3245 | D:2      | Bought a potion of degeneration for 12 gold pieces
  3245 | D:2      | Bought a potion of heal wounds for 60 gold pieces
  3370 | D:3      | Noticed Terence
  3376 | D:3      | Killed Terence
  3377 | D:3      | Reached skill level 6 in Polearms
  3593 | D:4      | Found a stormy altar of Qazlal.
  3593 | D:4      | Noticed a water elemental
  3597 | D:4      | Noticed a fire elemental
  3597 | D:4      | Noticed an air elemental
  3626 | D:4      | Identified the +7 quarterstaff of Kejucamo {antimagic, rF+}
  3890 | D:4      | Reached skill level 7 in Polearms
  3890 | D:4      | Reached XP level 7. HP: 52/52 MP: 7/7
  4333 | D:5      | Entered Level 5 of the Dungeon
  4416 | D:5      | Reached skill level 8 in Polearms
  4441 | D:5      | Noticed a water moccasin
  4448 | D:5      | Killed a water moccasin
  4627 | D:5      | Reached skill level 9 in Polearms
  4658 | D:5      | Reached XP level 8. HP: 43/58 MP: 8/8
  4746 | D:5      | Reached skill level 10 in Polearms
  4833 | D:5      | Found a runed translucent door.
  5190 | D:5      | Reached skill level 11 in Polearms
  5379 | D:5      | Noticed Kenran's ghost (novice MiBr)
  5440 | D:6      | Noticed Maggie
  5455 | D:6      | Cast into level 1 of the Abyss (Maggie)
  5567 | Abyss:1  | Noticed an ice devil
  5591 | Abyss:1  | Killed an ice devil
  5596 | Abyss:1  | Noticed a sixfirhy
  5613 | Abyss:1  | Found a corrupted altar of Lugonu.
  5780 | Abyss:1  | Noticed a fire bat
  5781 | Abyss:1  | Noticed a balrug
  5785 | Abyss:1  | Killed from afar by a balrug

Illustrated notes

Levels and vault maps discovered:
D:1:      zelgadis_glass_arrival_small, layout_basic,
          shapermc_ecumenical_altar_mp_highgroup
D:2:      layout_loops_corners, serial_shops, shop, shop, shop,
          nicolae_shop_hallway_stairs
D:3:      layout_basic, uniq_terence
D:4:      layout_basic, nicolae_qazlal_style_of_elements
D:5:      layout_basic, ebering_ghost_reflecting_pool, minmay_misc_feat_cross,
          dk_vineyard_1
D:6:      layout_loops_corners, minmay_temple_entry_enclosed_plants,
          serial_rivers, chequers_serial_rivers_micro_b,
          chequers_serial_rivers_micro_e, chequers_serial_rivers_small_a,
          chequers_serial_rivers_small_a, chequers_serial_rivers_micro_b,
          nicolae_shop_sticking_my_neck_out, uniq_maggie, uniq_edmund
Abyss:1:  base:
Temple

Skill      XL: |  1  2  3  4  5  6  7  8 |
---------------+-------------------------+-----
Armour         | 1 2 3 |  3.0
Polearms       | 4 5 7 9 11 | 11.3
Fighting       | |  3.0
Dodging        | |  3.0
Stealth        | |  2.0

Action                   |  1- 3 |  4- 6 |  7- 9 || total
-------------------------+-------+-------+-------++-------
Melee: Spear             |   107 |   106 |       ||   213
       Halberd           |       |    14 |   102 ||   116
       Quarterstaff      |       |       |     6 ||     6
Evoke: Wand              |       |     4 |     6 ||    10
  Use: Scroll            |     3 |     3 |     8 ||    14
       Potion            |       |     1 |     2 ||     3
 Stab: Sleeping          |     3 |       |       ||     3
       Distracted        |     1 |       |     1 ||     2
Armor: Ring mail         |    20 |    23 |    11 ||    54
Dodge: Dodged            |    64 |    83 |    82 ||   229
